 Dungeon Crawl Stone Soup version 0.20.0-8-g6b59dc7 (webtiles) character file.

1080 Ketharn the Cudgeler (level 8, 0/48 HPs)
             Began as a Gargoyle Monk on May 30, 2017.
             Was an Elder of the Shining One.
             Slain by an orc warrior
             ... wielding a +0 halberd
              (19 damage)
             ... on level 6 of the Dungeon.
             The game lasted 00:24:53 (4379 turns).

Ketharn the Cudgeler (Gargoyle Monk)                Turns: 4379, Time: 00:24:53

Health: 0/48       AC: 18    Str: 25    XL:     8   Next: 29%
Magic:  8/8        EV: 10    Int: 11    God:    the Shining One [****..]
Gold:   302        SH:  0    Dex: 14    Spells: 7/7 levels left

rFire    . . .     SeeInvis .   q - +1 flail
rCold    . . .     Gourm    .   (no shield)
rNeg     + + +     Faith    +   w - +0 chain mail
rPois    ∞         Spirit   .   j - +0 helmet
rElec    +         Reflect  .   B - scarf {cloud immunity}
rCorr    .         Harm     .   (no gloves)
MR       .....                  z - +2 pair of boots
Stlth    ..........             d - amulet of faith
Regen    0.2/turn               a - ring of Kacituhi {rPois rN++ MR- Str+3 Dex+2}
MPRegen  0.2/turn               (no ring)

@: mighty, glowing
A: negative energy resistance 1, electricity resistance, unbreathing,
petrification resistance, rot immunity, AC +5
a: Divine Shield, Cleansing Flame, Renounce Religion


You were on level 6 of the Dungeon.
You worshipped the Shining One.
The Shining One was greatly pleased with you.
You were not hungry.

You visited 2 branches of the dungeon, and saw 7 of its levels.

You collected 302 gold pieces.

Inventory:

Hand Weapons
 l - a +3 dagger
 q - a +1 flail (weapon)
Missiles
 k - 184 stones (quivered)
Armour
 j - a +0 helmet (worn)
 w - a +0 chain mail (worn)
 z - a +2 pair of boots (worn)
 B - a scarf of cloud immunity (worn)
Jewellery
 a - the ring of Kacituhi (left hand) {rPois rN++ MR- Str+3 Dex+2}
   (You took it off a hobgoblin on level 4 of the Dungeon)

   [ring of dexterity]

   It affects your strength (+3).
   It affects your dexterity (+2).
   It protects you from poison.
   It greatly protects you from negative energy.
   It affects your resistance to hostile enchantments.
 d - an amulet of faith (around neck)
Wands
 m - a wand of lightning (8/15)
 u - a wand of disintegration (10/24)
 x - a wand of flame (25/48)
Scrolls
 o - 3 scrolls of remove curse
 t - a scroll of amnesia {unknown}
Potions
 e - 3 potions of flight
 f - 4 potions of agility {unknown}
 g - a potion of haste {unknown}
 h - a potion of lignification {unknown}
 i - a potion of magic {unknown}
 p - 4 potions of ambrosia {unknown}
 s - 2 potions of might
Comestibles
 b - 3 meat rations
 c - 3 royal jellies
 n - 5 fruits
 r - 3 bread rations


   Skills:
 + Level 4.2 Fighting
 * Level 7.9 Maces & Flails
 * Level 2.3 Throwing
 * Level 3.9 Armour
 + Level 3.1 Dodging
 - Level 2.2 Stealth
 + Level 0.7 Invocations


You had 7 spell levels left.
You didn't know any spells.

Dungeon Overview and Level Annotations

Branches:
Dungeon (6/15)             Temple (1/1) D:4

Altars:
Ashenzari
Cheibriados
Dithmenos
Elyvilon
Fedhas
Gozag
Hepliaklqana
Kikubaaqudgha
Makhleb
Nemelex Xobeh
Okawaru
Qazlal
Ru
Sif Muna
Trog
Uskayaw
Vehumet
Xom
Yredelemnul
Zin
The Shining One

Shops:
D:5 =


Innate Abilities, Weirdness & Mutations

You are resistant to torment.
Your stone body is resilient. (AC +5)
You are immune to poison.
You resist negative energy. (rN+)
You are resistant to electric shocks. (rElec)
You can survive without breathing.
You are immune to petrification.
You are immune to rotting.


Message History

An orc warrior comes into view. It is wielding a halberd.
The orc warrior shouts!
Found a stone staircase leading up.
You can now channel blasts of cleansing flame.
A bullfrog and 2 orcs come into view.
The bullfrog gives a loud, deep croak!
The orc shouts! x2
You bludgeon the ball python!!
You kill the ball python!
The orc warrior hits you from afar with a halberd!
You see here a ball python corpse.
The orc warrior hits you but does no damage.
You sock the orc warrior!
The orc warrior is moderately wounded.
The orc warrior hits you with a halberd!
You hit the orc warrior but do no damage.
The orc warrior is moderately wounded.
You sock the orc warrior!
The orc warrior is almost dead.
The orc warrior hits you with a halberd!!
You die...

#.# #<# #.# #.# #.#
####.# #.# #....#
#.####.#..######.#.
##.##......†@oFo....
..##.########o#..##
#.##.# # #.##.#
#....# #.#..# #.##.#
#.##.# #.##.#


You could see an orc warrior, a bullfrog and 2 orcs.

Vanquished Creatures
  The ghost of 2d6 the Ducker, a novice SpTm of Nemelex Xobeh (D:6)
  Menkaure (D:5)
  An ogre (D:6)
  A bullfrog (D:6)
  A howler monkey (D:4)
  A hound (D:5)
  3 orc priests
  A centaur skeleton (D:5)
  2 bullfrog skeletons
  Ijyb (D:5)
  4 worker ants
  A hound skeleton (D:5)
  Robin (D:4)
  4 gnolls (D:3)
  6 adders
  An ooze (D:2)
  An adder skeleton (D:5)
  3 worms
  2 dart slugs
  3 leopard geckos
  15 orcs
  5 giant cockroaches
  14 goblins
  10 hobgoblins
  3 jackals (D:1)
  9 kobolds
  A quokka (D:4)
  3 ball pythons
  5 bats
  7 frilled lizards
  A quokka skeleton (D:4)
  5 rats
117 creatures vanquished.

Notes
Turn   | Place    | Note
-------+----------+-------------------------------------------
     0 | D:1      | Ketharn the Gargoyle Monk began the quest for the Orb.
     0 | D:1      | Reached XP level 1. HP: 14/14 MP: 1/1
   171 | D:1      | Reached XP level 2. HP: 17/19 MP: 2/2
   379 | D:1      | Found a glowing golden altar of the Shining One.
   387 | D:1      | Became a worshipper of the Shining One
   387 | D:1      | Reached * piety under the Shining One
   387 | D:1      | Reached ** piety under the Shining One
   589 | D:1      | Reached XP level 3. HP: 20/23 MP: 3/3
  1093 | D:2      | Reached skill level 4 in Maces & Flails
  1102 | D:2      | Reached XP level 4. HP: 26/28 MP: 4/4
  1271 | D:2      | Found a sparkling altar of Nemelex Xobeh.
  1389 | D:2      | Reached skill level 1 in Armour
  1922 | D:3      | Reached XP level 5. HP: 31/32 MP: 3/5
  2219 | D:3      | Reached skill level 1 in Throwing
  2386 | D:4      | Reached skill level 5 in Maces & Flails
  2386 | D:4      | Reached XP level 6. HP: 26/37 MP: 6/6
  2502 | D:4      | Noticed Robin
  2504 | D:4      | Reached *** piety under the Shining One
  2542 | D:4      | Killed Robin
  2550 | D:4      | Got a warped wooden ring
  2684 | D:4      | HP: 1/38 [orc priest/divine providence (13)]
  2895 | D:4      | Identified the ring of Kacituhi {rPois rN++ MR- Str+3 Dex+2} (You took it off a hobgoblin on level 4 of the Dungeon)
  2974 | D:4      | Found a staircase to the Ecumenical Temple.
  2986 | Temple   | Entered the Ecumenical Temple
  3270 | D:4      | Reached skill level 6 in Maces & Flails
  3270 | D:4      | Reached XP level 7. HP: 39/42 MP: 7/7
  3576 | D:5      | Entered Level 5 of the Dungeon
  3591 | D:5      | Noticed Ijyb
  3601 | D:5      | Killed Ijyb
  3620 | D:5      | Noticed Menkaure
  3643 | D:5      | Killed Menkaure
  3768 | D:5      | Found Pufilul's Jewellery Emporium.
  4108 | D:5      | Reached skill level 7 in Maces & Flails
  4315 | D:6      | Noticed 2d6's ghost (novice SpTm)
  4337 | D:6      | Killed 2d6's ghost
  4337 | D:6      | Reached XP level 8. HP: 41/48 MP: 8/8
  4374 | D:6      | Reached **** piety under the Shining One
  4379 | D:6      | Slain by an orc warrior

Skill      XL: |  1  2  3  4  5  6  7 |
---------------+----------------------+-----
Maces & Flails | 4 5 6 7 |  7.9
Armour         | 1 2 3 |  3.9
Throwing       | 1 2 |  2.3
Dodging        | 3 |  3.1
Fighting       | 4 |  4.2
Stealth        | |  2.2
Invocations    | |  0.7

Action                   |  1- 3 |  4- 6 |  7- 9 || total
-------------------------+-------+-------+-------++-------
Melee: Mace              |   107 |   148 |       ||   255
       Flail             |       |    95 |    62 ||   157
Throw: Stone             |       |     3 |    28 ||    31
Invok: Divine Shield     |       |     3 |       ||     3
  Use: Scroll            |     4 |     5 |     4 ||    13
       Potion            |       |     4 |     1 ||     5
  Eat: Bread ration      |       |     1 |       ||     1
       Royal jelly       |       |     1 |       ||     1
       Meat ration       |       |     1 |       ||     1
       Fruit             |       |     1 |       ||     1
Armor: Robe              |    29 |       |       ||    29
       Leather armour    |    17 |    34 |       ||    51
       Ring mail         |       |    61 |       ||    61
       Chain mail        |       |    70 |    31 ||   101
Dodge: Dodged            |    86 |   159 |    28 ||   273
Block: Other             |       |    21 |       ||    21
